 Dungeon Crawl Stone Soup version 0.25-a0-317-g5f8687bca5 (webtiles) character file.

Game seed: 8114035694935016145, levelgen mode: classic

1146 Borgoz the Twirler (level 8, 0/48 HPs)
             Began as a Gargoyle Gladiator on Dec 25, 2019.
             Slain by a large slime creature (30 damage)
             ... on level 5 of the Dungeon.
             The game lasted 00:06:25 (4811 turns).

Borgoz the Twirler (Gargoyle Gladiator)             Turns: 4811, Time: 00:06:25

Health: 0/48       AC: 14    Str: 16    XL:     8   Next: 38%
Magic:  9/9        EV: 11    Int:  8    God:
Gold:   352        SH:  0    Dex: 13    Spells: 7/7 levels left

rFire    . . .     SeeInvis +   z - +11 flail of the Ass {crush, +Rage rN++ Str-3 SInv}
rCold    . . .     Gourm    .   (no shield)
rNeg     + + +     Faith    .   x - +0 scale mail
rPois    ∞         Spirit   .   c - +0 helmet
rElec    +         Reflect  .   (no cloak)
rCorr    .         Harm     .   (no gloves)
MR       .....                  (no boots)
Stlth    ..........             j - amulet of rage
HPRegen  0.16/turn              (no ring)
MPRegen  0.11/turn              (no ring)

@: lightly drained
A: negative energy resistance 1, electricity resistance, unbreathing,
petrification resistance, rot immunity, AC +5
a: Evoke Berserk Rage


You were on level 5 of the Dungeon.
You were not hungry.

You visited 1 branch of the dungeon, and saw 5 of its levels.

You collected 352 gold pieces.

Inventory:

Hand Weapons
 a - a +0 quarterstaff
 z - the +11 flail of the Ass (weapon) {crush, +Rage rN++ Str-3 SInv}
   (You found it on level 5 of the Dungeon)

   It inflicts extra damage upon your enemies.
   It affects your strength (-3).
   It greatly protects you from negative energy.
   It lets you see invisible.
   It lets you go berserk.
Missiles
 d - 3 throwing nets (quivered)
Armour
 c - a +0 helmet (worn)
 x - a +0 scale mail (worn)
Jewellery
 j - an amulet of rage (around neck)
 m - a +2 amulet of reflection
 y - an uncursed amulet of harm
Wands
 k - a wand of digging (4)
 l - a wand of enslavement (7)
 p - a wand of iceblast (6)
 q - a wand of polymorph (4)
 w - a wand of clouds (2)
Scrolls
 b - 3 scrolls of enchant armour
 e - 4 scrolls of teleportation
 h - 2 scrolls of remove curse
 i - 5 scrolls of identify
 r - a scroll of enchant weapon {unknown}
 s - a scroll of magic mapping {unknown}
Potions
 g - a potion of heal wounds {unknown}
 n - 3 potions of curing
 o - a potion of flight {unknown}
 t - 2 potions of haste {unknown}
 u - a potion of magic
 v - a potion of mutation {unknown}
 A - a potion of agility {unknown}
Comestibles
 f - 5 rations


   Skills:
 + Level 4.7(4.5) Fighting
 * Level 6.1(6.0) Staves
 - Level 1.7(1.6) Throwing
 * Level 5.6(5.4) Armour
 + Level 4.0(3.8) Dodging
 + Level 1.9(1.8) Evocations


You had 7 spell levels left.
You didn't know any spells.
Your spell library was empty.

Dungeon Overview and Level Annotations

Branches:
Dungeon (5/15)
 Temple: D:4-7

Altars:
Fedhas

Shops:
D:5 =


Innate Abilities, Weirdness & Mutations

You are resistant to torment.
Your stone body is resilient. (AC +5)
You are immune to poison.
You resist negative energy. (rN+)
You are resistant to electric shocks. (rElec)
You can survive without breathing.
You are immune to petrification.
You are immune to rotting.


Message History

Your base Dodging skill increases to level 4!
The jelly hits you but does no damage.
You sock the jelly!
Your hands burn!
The jelly is severely wounded.
You thump the slime creature!
The slime creature is lightly wounded.
You thump the slime creature!
The slime creature is heavily wounded.
The slime creature hits you.
A slime creature suddenly becomes a large slime creature.
You barely miss the large slime creature.
The large slime creature is moderately wounded.
You sock the large slime creature!
The large slime creature is moderately wounded.
The large slime creature hits you!
You sock the large slime creature!
The large slime creature is heavily wounded.
The large slime creature hits you!!
Ouch! That really hurt!
You die...

#.######################.....#
#.# ### #.....# #.#
#######.##.....%###.....#
#.####....#.#.#PPJPJ.##......#
#..##.....#.#.#......##......#
#..').....#'#)#P÷JJ..##.#.....
#..'()......#.#÷..JJ.##....#.#
##.'†(......#.#÷JP...#######.#
#(##.......#@#J...J.##.......
#####......##JJJJ...##.####.#
##########J.÷...##.# #.#
########.# #.# #.# #∩# #.# #.#
#.# #.# #.# #.# #.# #.#


You could see a large slime creature, 2 jellies and 2 oozes.

Vanquished Creatures
  A sky beast (D:5)
  An ogre (D:5)
  5 big kobolds (D:5)
  A scorpion (D:4)
  A crimson imp (D:5)
  A howler monkey (D:5)
  2 jellies (D:5)
  2 orc priests
  4 orc wizards
  An iguana (D:5)
  2 worker ants (D:4)
  A howler monkey skeleton (D:5)
  3 adders
  3 oozes
  An adder zombie (D:5)
  A worm (D:3)
  4 dart slugs
  4 leopard geckos (D:2)
  24 orcs
  A ball python (D:3)
  5 giant cockroaches
  7 goblins
  7 hobgoblins
  6 jackals
  13 kobolds
  3 quokkas
  12 bats
  6 frilled lizards
  A leopard gecko skeleton (D:5)
  6 rats
129 creatures vanquished.

Vanquished Creatures (others)
  A goblin (D:2)
  11 toadstools (D:5)
12 creatures vanquished.

Grand Total: 141 creatures vanquished

Notes
Turn   | Place    | Note
-------+----------+-------------------------------------------
     0 | D:1      | Borgoz the Gargoyle Gladiator began the quest for the Orb.
     0 | D:1      | Reached XP level 1. HP: 12/12 MP: 1/1
   109 | D:1      | Reached XP level 2. HP: 3/17 MP: 2/2
   151 | D:1      | Reached skill level 1 in Armour
   597 | D:1      | Reached XP level 3. HP: 22/22 MP: 3/3
  1250 | D:2      | Reached XP level 4. HP: 21/27 MP: 4/4
  1551 | D:2      | Reached XP level 5. HP: 12/32 MP: 5/5
  1558 | D:2      | Reached skill level 4 in Staves
  2439 | D:3      | Reached XP level 6. HP: 17/37 MP: 6/6
  2623 | D:3      | Found a blossoming altar of Fedhas.
  3228 | D:4      | Reached skill level 5 in Staves
  3236 | D:4      | Reached XP level 7. HP: 37/42 MP: 7/7
  3809 | D:5      | Entered Level 5 of the Dungeon
  4200 | D:5      | Reached skill level 1 in Evocations
  4483 | D:5      | Got a dazzling flail
  4484 | D:5      | Identified the +11 flail of the Ass {crush, +Rage rN++
                  | Str-3 SInv} (You found it on level 5 of the Dungeon)
  4522 | D:5      | Found Ylok's Jewellery Emporium.
  4753 | D:5      | Reached skill level 5 in Armour
  4753 | D:5      | Reached XP level 8. HP: 48/48 MP: 7/9
  4761 | D:5      | Reached skill level 6 in Staves
  4801 | D:5      | Noticed a slime creature
  4801 | D:5      | Noticed a slime creature
  4801 | D:5      | Noticed a slime creature
  4811 | D:5      | Slain by a large slime creature

Levels and vault maps discovered:
D:1:      dpeg_arrival_rooms_c, layout_basic
D:2:      layout_basic, kennysheep_doodads
D:3:      layout_basic, fedhas_altar_fruit_tree
D:4:      minmay_door_path, layout_basic
D:5:      cheibrodos_fertilizer, layout_basic, first_ration, serial_shops, shop,
          eino_tiny_chamber, corner_web_ring, bh_walls_and_bars

Skill      XL: |  1  2  3  4  5  6  7  8 |
---------------+-------------------------+-----
Armour         | 1 2 3 4 5 |  5.6
Fighting       | 3 4 |  4.7
Dodging        | 3 4 |  4.0
Staves         | 4 5 6 |  6.1
Evocations     | 1 |  1.9
Throwing       | |  1.7

Action                   |  1- 3 |  4- 6 |  7- 9 || total
-------------------------+-------+-------+-------++-------
Melee: Quarterstaff      |   107 |   262 |    84 ||   453
       Flail             |       |       |    40 ||    40
  Use: Potion            |       |     2 |       ||     2
       Scroll            |       |     3 |       ||     3
  Eat: Chunk             |     1 |     7 |     4 ||    12
       Ration            |       |       |     1 ||     1
Armor: Leather armour    |    40 |       |       ||    40
       Ring mail         |    15 |   115 |     1 ||   131
       Scale mail        |       |       |    79 ||    79
Dodge: Dodged            |    92 |   154 |    61 ||   307
Block: Other             |       |    16 |       ||    16
       Reflection        |       |     1 |       ||     1

Table legend:
 A = Non-vault XP
 B = Vault XP
 C = Vault XP percentage of total XP
 D = Non-vault monster count
 E = Vault monster count
 F = Vault count percentage of total count
                 A         B        C        D         E       F
            +---------+---------+-------+---------+---------+-------
      Total |    1107 |     531 |  32.4 |     120 |      10 |   7.7
            +---------+---------+-------+---------+---------+-------
        D:1 |      53 |       0 |   0.0 |      29 |       0 |   0.0
        D:2 |     174 |       0 |   0.0 |      31 |       0 |   0.0
        D:3 |     116 |       0 |   0.0 |      30 |       0 |   0.0
        D:4 |     295 |       5 |   1.7 |      14 |       2 |  12.5
        D:5 |     469 |     526 |  52.9 |      16 |       8 |  33.3
            +---------+---------+-------+---------+---------+-------
